 Dungeon Crawl Stone Soup version 0.31-a0-1074-g0b22e4e0f1 (webtiles) character file.

Game seed: 4950805995871084244

500 grandjackal the Trooper (level 7, -6/75 HPs)
             Began as an Ogre Warper on Nov 29, 2023.
             Blown up by Pikel (21 damage)
             ... with a mindburst bolt
             ... on level 4 of the Dungeon.
             The game lasted 00:05:05 (3884 turns).

grandjackal the Trooper (Ogre Warper)               Turns: 3884, Time: 00:05:06

Health: -6/75      AC:  3    Str: 16    XL:     7   Next: 16%
Magic:  23/23      EV:  9    Int: 16    God:
Gold:   91         SH:  0    Dex:  8    Spells: 7/16 levels left

rFire   . . .        x - +4 whip
rCold   . . .        (no shield)
rNeg    . . .        b - +0 robe
rPois   .            (helmet restricted)
rElec   .            (no cloak)
rCorr   .            (gloves unavailable)
SInv    .            (boots unavailable)
Will    .....        (no amulet)
Stlth   +            g - ring of magical power
HPRegen 0.32/turn    (no ring)
MPRegen 0.18/turn

%: no passive effects
@: no status effects
A: large, unfitting armour, tough skin 1
a: no special abilities


You were on level 4 of the Dungeon.
You visited 1 branch of the dungeon, and saw 4 of its levels.

You collected 91 gold pieces.

Inventory:

Hand Weapons
 a - a +0 mace
 e - a +0 whip
 n - the +2 hand axe of Hospitality {holy, rElec rN+}
   (You found it on level 2 of the Dungeon)

   rElec:     It insulates you from electricity.
   rN+:       It protects you from negative energy.
 t - a +0 morningstar
 x - a +4 whip (weapon)
Missiles
 d - 7 darts of dispersal (quivered)
 h - 18 poisoned darts
 s - 6 boomerangs
Armour
 b - a +0 robe (worn)
Jewellery
 g - a ring of magical power (left hand)
 o - a +4 ring of protection
Wands
 r - a wand of iceblast (5)
 B - a wand of polymorph (7)
Scrolls
 c - a scroll of blinking
 k - a scroll of enchant armour {unknown}
 q - a scroll of fog {unknown}
 w - a scroll of noise {unknown}
 y - a scroll of vulnerability {unknown}
 A - a scroll of identify {unknown}
Potions
 f - 4 potions of degeneration {unknown}
 i - 2 potions of haste {unknown}
 j - a potion of cancellation {unknown}
 l - a potion of resistance {unknown}
 m - a potion of heal wounds {unknown}
 p - a potion of magic {unknown}
 u - 2 potions of attraction {unknown}
 v - a potion of ambrosia {unknown}
 z - a potion of invisibility {unknown}


   Skills:
 + Level 6.2 Fighting
 - Level 2.0 Maces & Flails
 - Level 1.0 Throwing
 - Level 2.1 Dodging
 + Level 5.0 Spellcasting
 + Level 4.6 Translocations


You had 7 spell levels left.
You knew the following spells:

 Your Spells              Type           Power      Damage    Failure   Level
a - Blink                 Tloc           36%        N/A       3%          2
b - Manifold Assault      Tloc           18%        N/A       22%         4
c - Teleport Other        Tloc           18%        N/A       7%          3

Your spell library contained the following spells:

 Spells                   Type           Power      Damage    Failure   Level
 Lesser Beckoning         Tloc           36%        N/A       3%          2
 Frozen Ramparts          Ice            8%         1d2       41%         3
 Inner Flame              Hex/Fire       4%         N/A       41%         3
 Vhi's Electric Charge    Tloc/Air       22%        N/A       52%         4
 Petrify                  Tmut/Erth      4%         N/A       83%         4
 Metabolic Englaciation   Hex/Ice        2%         N/A       99%         5
 Yara's Violent Unravell  Hex/Tmut       2%         3d3       99%         5
 Enfeeble                 Hex            2%         N/A       100%        7


Dungeon Overview and Level Annotations

Branches:
Dungeon (4/15)
 Temple: D:4-7

Altars:

Annotations:
D:4 Pikel


Innate Abilities, Weirdness & Mutations

You are too large for most types of armour.
You have tough skin. (AC +1)


Message History

Deactivating autopickup; reactivate with Ctrl-A.
Items here: ))) [[ ††.
You miss something. Something hits you.
You hit something. Something hits you.
Pikel zaps a wand.
You hear a shout!
You closely miss something. Something hits you.
* * * LOW HITPOINT WARNING * * *
Pikel zaps a wand.
You hit something. Something hits you.
* * * LOW HITPOINT WARNING * * *
Pikel says, "You'll rust in Dis!"
A lemure comes into view.
You completely miss something.
The lemure shouts!
Something hits you.
* * * LOW HITPOINT WARNING * * *
You barely miss something. Something hits you.
* * * LOW HITPOINT WARNING * * *
A magic dart appears from out of thin air!
The magic dart hits you.
* * * LOW HITPOINT WARNING * * *
Aiming: Iceblast
Press: ? - help, Shift-Dir - straight line, f - Pikel
Aim: Pikel, wielding a +1 whip of freezing, wearing a +0 robe and carrying a wand of mindburst The mass of ice explodes!
The iceblast engulfs something!
Reactivating autopickup.
You feel a bit more experienced.
The iceblast engulfs Pikel!
Pikel is moderately wounded.
The iceblast engulfs the orc!
You kill the orc!
Unknown command.
Unknown command.
Cast which spell? (? or * to list)
You blink.
You feel ready to blink again.
Pikel zaps a wand.
You struggle to resist.
There is a stone staircase leading down here.
Pikel zaps a wand.
Your mind is blasted!
You die...
Pikel says, "Another soul for the market."

K..K.#.#.#.# ########........
####.#.#.#.# #..........#.#..
#...K#.#.#.# #..........#.#..
#......#.#.# #..........#.#..
######.....# #..........#.#..
..5)...#.### #..........#.#.[
####)#.#.#########..........#.#..
.........5K....>............#.#..
!...............@...........#.#..
............................#.#..
#####.......................#<##.
......................<.......
##################..........#.##.
.## #..........#....
..########### #..........#####
............## ####............
.............# #.###########


You could see Pikel and a lemure.

Vanquished Creatures
  Grinder (D:4)
  A scorpion (D:4)
  A hound (D:4)
  A sleepcap (D:4)
  2 orc wizards
  5 adders
  A worm (D:2)
  6 orcs
  7 bats
  4 endoplasms
  6 giant cockroaches
  3 goblins
  7 hobgoblins
  11 jackals
  10 kobolds
  7 quokkas
  12 ball pythons
  10 frilled lizards
  5 rats
100 creatures vanquished.

Vanquished Creatures (others)
  An orc wizard (D:4)
1 creature vanquished.

Grand Total: 101 creatures vanquished

Notes
Turn   | Place    | Note
-------+----------+-------------------------------------------
     0 | D:1      | grandjackal the Ogre Warper began the quest for the Orb.
     0 | D:1      | Reached XP level 1. HP: 22/22 MP: 3/3
   101 | D:1      | Reached skill level 3 in Fighting
   101 | D:1      | Reached XP level 2. HP: 28/31 MP: 5/5
   472 | D:1      | Reached XP level 3. HP: 37/37 MP: 7/7
   475 | D:1      | Learned a level 2 spell: Blink
   714 | D:1      | Found a faded altar of an unknown god.
  1396 | D:2      | Identified the +2 hand axe of Hospitality {holy, rElec rN+}
  1424 | D:2      | Reached XP level 4. HP: 28/48 MP: 8/8
  1778 | D:3      | Learned a level 4 spell: Manifold Assault
  1837 | D:3      | Reached skill level 4 in Fighting
  2252 | D:3      | Reached XP level 5. HP: 15/55 MP: 10/10
  2995 | D:3      | Learned a level 3 spell: Teleport Other
  3250 | D:4      | Reached skill level 5 in Fighting
  3443 | D:4      | Reached XP level 6. HP: 58/66 MP: 12/12
  3770 | D:4      | Noticed Grinder
  3777 | D:4      | Killed Grinder
  3778 | D:4      | Reached skill level 6 in Fighting
  3778 | D:4      | Reached skill level 5 in Spellcasting
  3778 | D:4      | Reached XP level 7. HP: 73/75 MP: 14/14
  3834 | D:4      | Noticed Pikel
  3884 | D:4      | Blown up by Pikel

Illustrated notes

Levels and vault maps discovered:
D:1:      minmay_arrival_arboretum_small, layout_basic,
          shapermc_ecumenical_altar_flowoftime, st_stairs_11, nrook_mini_vaults
D:2:      layout_basic, chequers_serial_rivers_marsh
D:3:      layout_basic, hangedman_feature_mirror, minmay_box_of_dots
D:4:      layout_basic, minmay_fractal_squares_gapless_5, uniq_grinder,
          uniq_pikel

Skill      XL: |  1  2  3  4  5  6 |
---------------+-------------------+-----
Fighting       | 3 4 5 6 |  6.2
Maces & Flails | 2 |  2.0
Translocations | 3 4 |  4.6
Spellcasting   | 3 4 5 |  5.0
Throwing       | |  1.0
Dodging        | |  2.1

Action                     |  1- 3 |  4- 6 |  7- 9 || total
---------------------------+-------+-------+-------++-------
  Melee: Mace              |    42 |       |       ||    42
         Whip              |   143 |    93 |    35 ||   271
         Hand axe          |     9 |    76 |       ||    85
         Punch             |     1 |     1 |       ||     2
   Cast: Blink             |       |       |     1 ||     1
  Evoke: Wand              |       |     4 |     1 ||     5
   Stab: Sleeping          |       |     1 |       ||     1
 Armour: Robe              |   119 |   112 |    29 ||   260
  Dodge: Dodged            |   101 |    72 |     3 ||   176

Table legend: (Time is in decaauts)
 A = Elapsed time spent in this place.
 B = Non-inter-level travel time spent in this place.
 C = Inter-level travel time spent in this place.
 D = Time resting spent in this place.
 E = Time spent auto-exploring this place.
 F = Levels seen in this place.
 G = Mean time per level.
                   A        B        C        D        E       F      G
               +--------+--------+--------+--------+--------+-----+--------+
         Total |   3913 |   3838 |     75 |    714 |   2295 |   4 |  978.2 |
       Dungeon |   3913 |   3838 |     75 |    714 |   2295 |   4 |  978.2 |
               +--------+--------+--------+--------+--------+-----+--------+

Top non-repeatable levels by time:
     D:3: 1282 daAuts
     D:1: 1197 daAuts
     D:4: 857 daAuts
     D:2: 575 daAuts
